 Dungeon Crawl Stone Soup version 0.21.1-1-g345015f (webtiles) character file.

87 Kairos the Cudgeler (level 4, 27/27 HPs)
             Began as a Gargoyle Gladiator on Mar 27, 2018.
             Got out of the dungeon alive.
             The game lasted 00:01:53 (1367 turns).

Kairos the Cudgeler (Gargoyle Gladiator)            Turns: 1367, Time: 00:01:53

Health: 27/27      AC:  7    Str: 19    XL:     4   Next: 51%
Magic:  4/4        EV: 12    Int:  8    God:
Gold:   70         SH:  0    Dex: 11    Spells: 3/3 levels left

rFire    . . .     SeeInvis .   a - +0 flail
rCold    . . .     Gourm    .   (no shield)
rNeg     + . .     Faith    .   b - +0 leather armour
rPois    ∞         Spirit   .   c - +0 helmet
rElec    +         Reflect  .   (no cloak)
rCorr    .         Harm     .   (no gloves)
MR       .....                  (no boots)
Stlth    ..........             (no amulet)
HPRegen  0.09/turn              n - ring of loudness (curse)
MPRegen  0.09/turn              (no ring)

@: very slightly contaminated
A: negative energy resistance 1, electricity resistance, unbreathing,
petrification resistance, rot immunity, AC +3
a: no special abilities


You escaped.
You were hungry.

You visited 1 branch of the dungeon, and saw 2 of its levels.

You collected 70 gold pieces.

Inventory:

Hand Weapons
 a - a +0 flail (weapon)
Missiles
 d - 3 throwing nets (quivered)
Armour
 b - a +0 leather armour (worn)
 c - a +0 helmet (worn)
Jewellery
 n - a cursed ring of loudness (left hand)
Scrolls
 e - a scroll of teleportation {unknown}
 h - 3 scrolls of identify {unknown}
 i - a scroll of fog {unknown}
 j - 2 scrolls of enchant weapon {unknown}
 m - a scroll of remove curse {unknown}
 p - a scroll of enchant armour {unknown}
Comestibles
 f - 8 rations


   Skills:
 + Level 2.8 Fighting
 + Level 4.3 Maces & Flails
 + Level 1.8 Throwing
 + Level 0.9 Armour
 + Level 2.8 Dodging
 + Level 0.1 Stealth


You had 3 spell levels left.
You didn't know any spells.

Dungeon Overview and Level Annotations

Branches:
Dungeon (2/15)

Altars:


Innate Abilities, Weirdness & Mutations

You are resistant to torment.
Your stone body is resilient. (AC +3)
You are immune to poison.
You resist negative energy. (rN+)
You are resistant to electric shocks. (rElec)
You can survive without breathing.
You are immune to petrification.
You are immune to rotting.


Message History

You start waiting.
You feel your anger nearly subside.
You start waiting.
You are no longer berserk.
You are exhausted.
You feel yourself slow down.
It was a potion of invisibility.
You fade into invisibility!
You are very lightly contaminated with residual magic.
You feel yourself speed up.
You flicker for a moment.
You recover from your berserk rage.
You flicker back into view.
You see here a bat corpse.
There is a stone staircase leading up here.
You climb upwards.
There is a stone staircase leading down here.
There is a staircase leading out of the dungeon here.
Are you sure you want to leave the Dungeon?
This will make you lose the game!
You have escaped!

..### ##.........)...# #...#.#
..#.####.......#..##.#### #...#.#
..#..........####.##....###...#.#
..#...........................#.#
..#..P≈≈≈≈≈≈≈≈P...P≈≈≈≈≈≈≈≈P..#..
..#..≈≈≈≈≈≈≈≈≈≈...≈≈≈≈≈≈≈≈≈≈..###
.....≈≈≈≈≈≈≈≈≈≈...≈≈≈≈≈≈≈≈≈≈..# #
##...P≈≈≈≈≈≈≈≈.....≈≈≈≈≈≈≈≈P..# #
................@.............###
.....P≈≈≈≈≈≈≈≈.....≈≈≈≈≈≈≈≈P.....
.....≈≈≈≈≈≈≈≈≈≈...≈≈≈≈≈≈≈≈≈≈..#..
.....≈≈≈≈≈≈≈≈≈≈...≈≈≈≈≈≈≈≈≈≈.....
##...P≈≈≈≈≈≈≈≈P...P≈≈≈≈≈≈≈≈P...#.
##...........................>...
.....######......................
.....# #..#......#............#
.....# #.##.####.#.............


There were no monsters in sight!

Vanquished Creatures
  A worker ant (D:2)
  An adder (D:2)
  An ooze (D:1)
  A worm (D:2)
  2 dart slugs (D:1)
  2 leopard geckos (D:1)
  3 giant cockroaches (D:2)
  6 goblins
  9 hobgoblins
  4 bats
  3 frilled lizards
  3 kobolds
  3 rats
39 creatures vanquished.

Notes
Turn   | Place    | Note
-------+----------+-------------------------------------------
     0 | D:1      | Kairos the Gargoyle Gladiator began the quest for the Orb.
     0 | D:1      | Reached XP level 1. HP: 12/12 MP: 1/1
    54 | D:1      | Reached XP level 2. HP: 16/17 MP: 2/2
   194 | D:1      | Reached XP level 3. HP: 16/21 MP: 3/3
   767 | D:2      | Reached skill level 4 in Maces & Flails
   836 | D:2      | Found a faded altar of an unknown god.
   916 | D:2      | Reached XP level 4. HP: 17/27 MP: 4/4
  1367 | D:$      | Got out of the dungeon alive.

Skill      XL: |  1  2  3 |
---------------+----------+-----
Maces & Flails | 4 |  4.3
Fighting       | |  2.8
Throwing       | |  1.8
Armour         | |  0.9
Dodging        | |  2.8
Stealth        | |  0.1

Action                   |  1- 3 |  4- 6 || total
-------------------------+-------+-------++-------
Melee: Flail             |    91 |    47 ||   138
  Use: Potion            |       |     4 ||     4
  Eat: Chunk             |       |     1 ||     1
Armor: Leather armour    |    31 |    20 ||    51
Dodge: Dodged            |    69 |    45 ||   114
